 Dungeon Crawl Stone Soup version 0.31-a0-177-g4aa6249778 (webtiles) character file.

Game seed: 15846840569377387391

152 qw the Chopper (level 5, -7/32 HPs)
             Began as a Gargoyle Fighter on June 18, 2023.
             Splashed by a jelly's acid (8 damage)
             ... on level 3 of the Dungeon.
             The game lasted 00:01:04 (1794 turns).

qw the Chopper (Gargoyle Fighter)                   Turns: 1794, Time: 00:01:05

Health: -7/32      AC:  2    Str: 21 (22) XL:     5   Next: 34%
Magic:  5/5        EV:  9    Int:  7 (8)  God:
Gold:   94         SH:  4    Dex:  9      Spells: 4/4 levels left

rFire   + . .        Y - +0 war axe
rCold   . . .        c - +0 buckler
rNeg    + . .        b - +0 scale mail
rPois   inf          (no helmet)
rElec   +            (no cloak)
rCorr   .            (no gloves)
SInv    .            (no boots)
Will    .....        (no amulet) Stlth
                     f - ring of protection from fire
HPRegen 0.25/turn    (no ring)
MPRegen 0.09/turn

%: no passive effects
@: corroded
A: sickness immunity, AC +4, negative energy resistance 1, electricity
resistance, torment resistance 1, petrification resistance
a: no special abilities


You were on level 3 of the Dungeon.
You visited 1 branch of the dungeon, and saw 3 of its levels.

You collected 94 gold pieces.


Innate Abilities, Weirdness & Mutations

You are immune to sickness and miasma.
Your stone body is resilient. (AC +4)
You are immune to poison.
You resist negative energy. (rN+)
You are resistant to electric shocks. (rElec)
You are resistant to unholy torment.
You are immune to petrification.


   Skills:
 - Level 3.2 Fighting
 + Level 4.9 Axes
 - Level 3.2 Armour
 - Level 3.2 Shields


You had 4 spell levels left.
You didn't know any spells.
Your spell library was empty.

Inventory:

Hand Weapons
 e - a +0 mace
 Y - a +0 war axe (weapon)
Armour
 b - a +0 scale mail (worn)
 c - a +0 buckler (worn)
Jewellery
 f - a ring of protection from fire (left hand)
Potions
 d - 2 potions of might
 g - a potion of resistance {unknown}

Dungeon Overview and Level Annotations

Branches:
Dungeon (3/15)

Altars:

Shops:
D:2 =

Annotations:
D:2 1 runed translucent door, Crazy Yiuf


Message History

You hit the endoplasm.
You kill the endoplasm!
The jelly hits you but does no damage.
You hit the jelly.
You kill the jelly!
You slash the endoplasm!
You kill the endoplasm!
You hit the endoplasm.
You feel your strength returning.
You feel your dexterity returning.
You have reached level 5!
You slash the jelly!
Your hands burn!
The jelly is heavily wounded.
You barely miss the endoplasm.
The endoplasm hits you but does no damage.
The endoplasm jiggles.
The jelly closely misses you. The endoplasm freezes you.
You are frozen.
You completely miss the jelly.
The jelly is heavily wounded.
You slash the endoplasm!
You kill the endoplasm!
You hit the endoplasm. The jelly closely misses you. The endoplasm freezes you.
You are frozen.
You hit the endoplasm but do no damage.
The endoplasm is severely wounded.
You barely miss the endoplasm. You barely miss the jelly.
The endoplasm freezes you.
You are frozen.
The endoplasm freezes you.
You are frozen.
The jelly hits you but does no damage.
You barely miss the endoplasm.
The endoplasm is severely wounded.
You barely miss the endoplasm. You barely miss the jelly.
The endoplasm closely misses you.
The endoplasm hits you but does no damage.
The jelly hits you. The acid corrodes you!
You are splashed with acid!
You die...

##########
).......%#
......%P.#
.......%.#
....%....#
.........#
########
..%...JJJ#
....##.# #######@#
....#..###......##
.#....(##)########
....#..###..'....#
....##.######....#
#.###[..##.......#
#.##.#..##.......#
#.###.#.##.......#
#.# ##.###.......#


You could see a jelly and 2 endoplasms.

Vanquished Creatures
  A jelly (D:3)
  Terence (D:2)
  2 adders
  4 worms
  4 ball pythons
  11 endoplasms
  4 giant cockroaches (D:1)
  6 goblins
  2 hobgoblins (D:1)
  4 jackals (D:1)
  11 kobolds
  2 quokkas
  3 bats
  2 frilled lizards (D:1)
  2 rats
59 creatures vanquished.

Notes
Turn   | Place    | Note
-------+----------+-------------------------------------------
     0 | D:1      | qw the Gargoyle Fighter began the quest for the Orb.
     0 | D:1      | Reached XP level 1. HP: 14/14 MP: 1/1
     0 | D:1      | 0 ||| qw: Version: 0.3-a-5-g6f28e65
     0 | D:1      | 0 ||| qw: Game counter: 563
     0 | D:1      | 0 ||| qw: Always use a shield: true
     0 | D:1      | 0 ||| qw: God list: Okawaru
     0 | D:1      | 0 ||| qw: Allow faded altars: false
     0 | D:1      | 0 ||| qw: Do Orc after D:15 true
     0 | D:1      | 0 ||| qw: Do second Lair branch before Depths: true
     0 | D:1      | 0 ||| qw: Lair rune preference: random
     0 | D:1      | 0 ||| qw: Plans: Normal, Zot:1-4, Slime:5, God:TSO, Crypt,
                  | Tomb, Abyss, Pan, Hells, Win
     0 | D:1      | 0 ||| PLANNING D:1-11
    18 | D:1      | 18 ||| Stepping ~*~*~tactically~*~*~ (stealth).
    19 | D:1      | 19 ||| Stepping ~*~*~tactically~*~*~ (stealth).
    56 | D:1      | Reached skill level 2 in Axes
    96 | D:1      | Found a faded altar of an unknown god.
   105 | D:1      | Reached XP level 2. HP: 19/19 MP: 2/2
   289 | D:1      | Reached skill level 3 in Axes
   337 | D:1      | Reached XP level 3. HP: 23/23 MP: 3/3
   486 | D:1      | 486 ||| Stepping ~*~*~tactically~*~*~ (stealth).
   489 | D:1      | 489 ||| Stepping ~*~*~tactically~*~*~ (stealth).
   499 | D:1      | 499 ||| Stepping ~*~*~tactically~*~*~ (stealth).
   501 | D:1      | 501 ||| Stepping ~*~*~tactically~*~*~ (stealth).
   504 | D:1      | 504 ||| Stepping ~*~*~tactically~*~*~ (stealth).
   804 | D:1      | 804 ||| READING scroll labelled UTSICO ULURGHOOMU.
   805 | D:1      | 805 ||| READING scroll labelled TAIRPH BISMIGEMP.
   806 | D:1      | 806 ||| READING scroll labelled JOTWUE FUSESCHA.
   809 | D:1      | 809 ||| READING scroll labelled GATISE ITURI.
   826 | D:2      | 826 ||| STAIRDANCE
   912 | D:2      | Noticed Terence
   925 | D:2      | Killed Terence
   926 | D:2      | Reached skill level 4 in Axes
   926 | D:2      | Reached XP level 4. HP: 16/28 MP: 4/4
  1069 | D:2      | Found Xuenah's Jewellery Shoppe.
  1078 | D:2      | 1078 ||| SHOPLISTING ring "Ufockiph" {Drain rC++ rCorr
                  | Dex-5 Stlth+} (343 gold, have 70).
  1078 | D:2      | 1078 ||| SHOPLISTING ring of protection from cold (275
                  | gold, have 70).
  1368 | D:2      | Found a runed translucent door.
  1369 | D:2      | Noticed Crazy Yiuf
  1470 | D:2      | 1470 ||| UPGRADING to ring of protection from fire.
  1471 | D:2      | 1471 ||| READING scroll labelled TUVUVVECS.
  1472 | D:2      | 1472 ||| DRINKING 2 brown potions.
  1473 | D:2      | 1473 ||| DROPPING potion of degeneration.
  1697 | D:3      | 1697 ||| Stepping ~*~*~tactically~*~*~ (hiding).
  1748 | D:3      | 1748 ||| FLEEEEING.
  1749 | D:3      | 1749 ||| FLEEEEING.
  1750 | D:3      | 1750 ||| FLEEEEING.
  1752 | D:3      | 1752 ||| Stepping ~*~*~tactically~*~*~ (stealth).
  1791 | D:3      | Reached XP level 5. HP: 14/32 MP: 5/5
  1791 | D:3      | HP: 5/32 [frozen (5)]
  1793 | D:3      | HP: 2/32 [frozen (2)]
  1794 | D:3      | Splashed by a jelly's acid

Levels and vault maps discovered:
D:1:      tarquinn_simple_flora_water_f, layout_loops_ring,
          hellmonk_ecumenical_altar_pennies_from_heaven
D:2:      layout_rooms, serial_shops, nicolae_shop_crystal,
          uniq_crazy_yiuf_cottage, uniq_terence
D:3:      cheibrodos_fertilizer, layout_loops_ring,
          mainiacjoe_overflow_concentric_impassable

Skill      XL: |  1  2  3 |
---------------+----------+-----
Axes           | 2 3 4 |  4.9
Fighting       | |  3.2
Armour         | |  3.2
Shields        | |  3.2

Action                     |  1- 3 |  4- 6 || total
---------------------------+-------+-------++-------
  Melee: War axe           |   102 |    78 ||   180
    Use: Scroll            |     4 |     1 ||     5
         Potion            |       |     1 ||     1
 Armour: Scale mail        |    59 |    34 ||    93
  Dodge: Dodged            |    51 |    26 ||    77
  Block: Buckler           |    25 |     6 ||    31

Table legend:
 A = Non-vault XP
 B = Vault XP
 C = Vault XP percentage of total XP
 D = Non-vault monster count
 E = Vault monster count
 F = Vault count percentage of total count
                 A         B        C        D         E       F
            +---------+---------+-------+---------+---------+-------
      Total |     110 |     108 |  49.5 |      44 |      15 |  25.4
            +---------+---------+-------+---------+---------+-------
        D:1 |      66 |       0 |   0.0 |      29 |       0 |   0.0
        D:2 |      39 |      36 |  48.0 |      14 |       1 |   6.7
        D:3 |       5 |      72 |  93.5 |       1 |      14 |  93.3
            +---------+---------+-------+---------+---------+-------
